 Dungeon Crawl Stone Soup version 0.20.1-1-g8b1a95d (webtiles) character file.

81 Humpert the Shooter (level 4, -1/36 HPs)
             Began as a Centaur Arcane Marksman on Oct 13, 2017.
             Slain by Natasha (4 damage)
             ... on level 3 of the Dungeon.
             The game lasted 00:05:22 (3211 turns).

Humpert the Shooter (Centaur Arcane Marksman)       Turns: 3211, Time: 00:05:24

Health: -1/36      AC:  4    Str: 11 (12) XL:     4   Next: 19%
Magic:  5/5        EV: 10    Int: 10 (12) God:
Gold:   209        SH:  0    Dex:  9 (11) Spells: 4/5 levels left

rFire    + . .     SeeInvis .   (no weapon)
rCold    + . .     Gourm    .   (no shield)
rNeg     . . .     Faith    .   e - +0 robe
rPois    +         Spirit   .   (no helmet)
rElec    +         Reflect  .   (no cloak)
rCorr    +         Harm     .   (no gloves)
MR       .....                  (no barding)
Stlth    +.........             (no amulet)
Regen    0.2/turn               (no ring)
MPRegen  0.1/turn               (no ring)

@: resistant, slowed
A: hooves 3, deformed body, speed 2, tough skin 3
a: no special abilities


You were on level 3 of the Dungeon.
You were not hungry.

You visited 1 branch of the dungeon, and saw 3 of its levels.

You collected 209 gold pieces.

Inventory:

Hand Weapons
 a - a +0 shortbow
Missiles
 d - 28 arrows
Armour
 e - a +0 robe (worn)
Jewellery
 n - an uncursed ring of positive energy {unknown}
 q - a +3 ring of protection {unknown}
Scrolls
 b - a scroll of enchant armour {unknown}
 g - 2 scrolls of fog {unknown}
 h - 2 scrolls of remove curse {unknown}
 i - a scroll of identify {unknown}
 k - a scroll of enchant weapon {unknown}
 l - a scroll of magic mapping {unknown}
 m - 3 scrolls of teleportation {unknown}
 o - a scroll of immolation {unknown}
Books
 c - a book of Debilitation

   Spells                             Type                      Level
   a - Corona                         Hexes                        1
   b - Slow                           Hexes                        2
   c - Inner Flame                    Hexes/Fire                   3
   d - Portal Projectile              Hexes/Translocation          3
   e - Cause Fear                     Hexes                        4
   f - Leda's Liquefaction            Hexes/Earth                  4
Comestibles
 f - a bread ration
 p - a meat ration


   Skills:
 * Level 1.8 Fighting
 * Level 5.4 Bows
 + Level 1.5 Dodging
 + Level 1.0 Spellcasting
 - Level 2.6 Hexes


You had 4 spell levels left.
You knew the following spells:

 Your Spells              Type           Power        Failure   Level  Hunger
a - Corona                Hex            #......      12%         1    ##.....


Dungeon Overview and Level Annotations

Branches:
Dungeon (3/15)

Altars:
Cheibriados
Gozag

Annotations:
D:3 Natasha


Innate Abilities, Weirdness & Mutations

You have hooves in place of feet.
Armour fits poorly on your strangely shaped body.
You cover ground very quickly.
You have extremely tough skin. (AC +3)


Message History

Natasha closely misses you. Natasha claws you.
You are now empty-handed.
You hit Natasha. You kick Natasha.
Natasha is heavily wounded.
Natasha claws you. Natasha claws you!
You closely miss Natasha. Your kick misses Natasha.
Natasha is heavily wounded.
Natasha claws you.
You closely miss Natasha.
Natasha is heavily wounded.
Natasha claws you. Natasha closely misses you.
You closely miss Natasha.
Natasha is heavily wounded.
Natasha claws you.
You hit Natasha but do no damage.
Natasha is heavily wounded.
Natasha claws you!
* * * LOW HITPOINT WARNING * * *
Natasha claws you.
You die...

.......<...>..#
###.#.##h.###.#
.#. #......#
.#.##.######
#...(.( .
#.#[#(## #.###
#.#..(#
....###.#h..#.###
#.....#@.......
#.........#.###
##...####.# #...#
.# ##'## . #.# ##
#.# #.# #.#


You could see Natasha.

Vanquished Creatures
  3 adders (D:2)
  A worm (D:2)
  A dart slug (D:2)
  2 leopard geckos
  3 bats
  2 giant cockroaches
  13 goblins
  3 hobgoblins (D:1)
  2 ball pythons
  4 frilled lizards
  4 kobolds
  8 rats
46 creatures vanquished.

Notes
Turn   | Place    | Note
-------+----------+-------------------------------------------
     0 | D:1      | Humpert the Centaur Arcane Marksman began the quest for the Orb.
     0 | D:1      | Reached XP level 1. HP: 16/16 MP: 2/2
   296 | D:1      | Reached skill level 3 in Bows
   652 | D:1      | Reached XP level 2. HP: 19/23 MP: 3/3
  1474 | D:1      | Reached skill level 4 in Bows
  1873 | D:2      | Reached XP level 3. HP: 21/28 MP: 4/4
  2014 | D:2      | Found an opulent altar of Gozag.
  2381 | D:2      | Found a snail-covered altar of Cheibriados.
  2438 | D:2      | Reached skill level 5 in Bows
  2699 | D:2      | Reached XP level 4. HP: 36/36 MP: 5/5
  3119 | D:3      | Noticed Natasha
  3211 | D:3      | Slain by Natasha

Skill      XL: |  1  2  3 |
---------------+----------+-----
Bows           | 3 4 5 |  5.4
Fighting       | |  1.8
Dodging        | |  1.5
Spellcasting   | |  1.0
Hexes          | |  2.6

Action                   |  1- 3 |  4- 6 || total
-------------------------+-------+-------++-------
Melee: Unarmed           |     4 |     5 ||     9
       Kick              |       |     1 ||     1
 Fire: Shortbow          |   162 |    28 ||   190
  Use: Potion            |       |     3 ||     3
  Eat: Chunk             |     2 |       ||     2
       Royal jelly       |     1 |     1 ||     2
Armor: Robe              |    29 |     2 ||    31
Dodge: Dodged            |    37 |     9 ||    46
